 Dungeon Crawl Stone Soup version 0.31.0-32-g396128a36d (webtiles) character file.

Game seed: 684085418487242100

6664 PaiMei the Reanimator (level 10, -3/80 HPs)
             Began as a Demonspawn Necromancer on Apr 11, 2024.
             Slain by Amaemon
             ... wielding a -2 demon whip of venom
              (9 damage)
             ... on level 8 of the Dungeon.
             The game lasted 00:16:17 (13667 turns).

PaiMei the Reanimator (Demonspawn Necromancer)     Turns: 13667, Time: 00:16:18

Health: -3/80      AC:  8    Str: 10    XL:     10   Next: 73%
Magic:  30/30      EV: 17    Int: 20    God:
Gold:   266        SH:  0    Dex: 21    Spells: 11/24 levels left

rFire   . . .        I - +10 war axe of the Grave {heavy, Str+2 Dex+7}
rCold   . . .        (no shield)
rNeg    . . .        M - +0 troll leather armour
rPois   .            y - +0 helmet
rElec   .            q - scarf {repulsion}
rCorr   .            (no gloves)
SInv    .            l - +0 pair of boots
Will    .....        (no amulet)
Stlth   ++           k - +4 ring of slaying
HPRegen 1.13/turn    w - ring of magical power
MPRegen 0.22/turn

%: repel missiles
@: lethally poisoned (-3 -> -59)
A: claws 2, slimy green scales 2, powered by death 1, demonic magic 1
a: no special abilities


You were on level 8 of the Dungeon.
You visited 2 branches of the dungeon, and saw 9 of its levels.

You collected 396 gold pieces.
You spent 130 gold pieces at shops.

Inventory:

Hand Weapons
 D - a +2 flail of protection
 E - a +2 short sword of electrocution
 I - the +10 war axe of the Grave (weapon) {heavy, Str+2 Dex+7}
   (You found it on level 6 of the Dungeon)

   Str+2:     It affects your strength (+2).
   Dex+7:     It affects your dexterity (+7).
 K - the +4 mace "Coofoog" {flame, *Rage rPois rCorr Str+2}
   (You took it off an orc wizard on level 8 of the Dungeon)

   Str+2:     It affects your strength (+2).
   rPois:     It protects you from poison *Rage: It berserks you when you make
   melee attacks (+20% chance).
   rCorr:     It protects you from acid and corrosion.
Missiles
 e - 6 datura-tipped darts (quivered)
 L - a curare-tipped dart
Armour
 l - a +0 pair of boots (worn)
 q - a scarf of repulsion (worn)
 v - the +1 leather armour "Qumoph" {Stlth+}
   (You found it on level 3 of the Dungeon)

   Stlth+:    It makes you more stealthy.
 y - a +0 helmet (worn)
 F - a +3 scale mail of poison resistance
 M - a +0 troll leather armour (worn)
Jewellery
 k - a +4 ring of slaying (left claw)
 r - a ring of protection from fire
 w - a ring of magical power (right claw)
Wands
 d - a wand of polymorph (8)
 z - a wand of flame (18)
 B - a wand of iceblast (22)
 C - a wand of charming (9)
Scrolls
 c - 2 scrolls of fear {unknown}
 f - 2 scrolls of revelation {unknown}
 h - 3 scrolls of fog {unknown}
 j - 2 scrolls of blinking {unknown}
 n - 5 scrolls of teleportation {unknown}
 p - 2 scrolls of poison {unknown}
 s - 4 scrolls of amnesia {unknown}
 t - a scroll of noise {unknown}
 u - a scroll of vulnerability {unknown}
 G - 3 scrolls of immolation {unknown}
 H - 3 scrolls of identify
Potions
 a - a potion of brilliance
 b - 5 potions of magic
 g - a potion of heal wounds {unknown}
 i - a potion of invisibility {unknown}
 m - a potion of might
 o - 2 potions of curing {unknown}
 x - a potion of ambrosia
 A - a potion of mutation {unknown}
 J - 2 potions of enlightenment {unknown}


   Skills:
 + Level 8.0 Fighting
 + Level 7.8 Dodging
 - Level 2.0 Stealth
 + Level 7.8 Spellcasting
 + Level 10.1 Necromancy


You had 11 spell levels left.
You knew the following spells:

 Your Spells              Type           Power      Damage    Failure   Level
a - Necrotise             Necr           100%       1d9       1%          1
b - Vampiric Draining     Necr           48%        2d9       1%          3
c - Animate Dead          Necr           48%        N/A       1%          4
d - Curse of Agony        Necr           48%        N/A       4%          5

Your spell library contained the following spells:

 Spells                   Type           Power      Damage    Failure   Level
 Freeze                   Ice            28%        1d5       12%         1
 Shock                    Conj/Air       28%        1d4       12%         1
 Scorch                   Fire           14%        2d5       19%         2
 Frozen Ramparts          Ice            14%        1d3       34%         3
 Gell's Gravitas          Tloc           7%         N/A       34%         3
 Hailstorm                Conj/Ice       7%         3d5       34%         3
 Swiftness                Air            7%         N/A       34%         3
 Teleport Other           Tloc           7%         N/A       34%         3
 Airstrike                Air            3%         2d(1-17)  75%         4
 Flame Wave               Conj/Fire      7%         2d5       75%         4
 Dispersal                Tloc           3%         N/A       100%        6
 Summon Cactus Giant      Summ           3%         N/A       100%        6


Dungeon Overview and Level Annotations

Branches:
Dungeon (8/15)             Temple (1/1) D:6
   Lair: D:8-11

Altars:
Cheibriados
Dithmenos
Fedhas
Gozag
Hepliaklqana
Makhleb
Nemelex Xobeh
Ru
Sif Muna
Trog
Uskayaw
Wu Jian
Xom
Yredelemnul

Shops:
D:1 :   D:7 *

Annotations:
D:5 2 transporters, PaiMei's ghost, novice DsNe
D:8 1 runed translucent door, Amaemon


Innate Abilities, Weirdness & Mutations

You have very sharp fingernails.
You are mostly covered in slimy green scales. (AC +3)
You regenerate a little health from kills.
Spells you cast may paralyse adjacent enemies.


Message History

Your armour attunes itself to your body as you begin to regenerate more quickly.
Amaemon says, "Afraid of a little sting?"
Things that are here:
14 gold pieces; a +0 short sword; 4 stones You slash Amaemon!
Amaemon is lightly wounded.
Amaemon hits you with a -2 demon whip of venom.
You are poisoned.
Amaemon claws you! Amaemon completely misses you. Amaemon closely misses you.
Amaemon barely misses you.
Amaemon tail-slaps you but does no damage.
Amaemon hits you with a -2 demon whip of venom.
You are more poisoned.
Amaemon claws you but does no damage. Amaemon closely misses you.
Casting: Curse of Agony (dangerous; 4% risk of failure)
Confirm with . or Enter, or press ? or * to list all spells.
You can't see any susceptible monsters within range! (Use Z to cast anyway.)
You miss Amaemon.
Amaemon is lightly wounded.
You feel extremely sick.
Amaemon hits you with a -2 demon whip of venom!
You are more poisoned.
Amaemon claws you.
Amaemon tail-slaps you but does no damage.
Amaemon hits you with a -2 demon whip of venom!
You are more poisoned.
Amaemon closely misses you. Amaemon misses you.
You barely miss Amaemon.
Amaemon is lightly wounded.
* * * LOW HITPOINT WARNING * * *
You feel extremely sick. Amaemon misses you. Amaemon barely misses you.
Amaemon tail-slaps you.
* * * LOW HITPOINT WARNING * * *
You are more poisoned.
Amaemon poisons you!
Amaemon hits you with a -2 demon whip of venom!
* * * LOW HITPOINT WARNING * * *
You are more poisoned.
Amaemon claws you!
You die...

#.###.#...#..###...##
#....[#.....##...####
#..#######.....###..# .
##....#......###......#
####.#....###........#
#....###))...# ...
#..##....).###..#.
##..)###....#...#9
#.#.@.###.†....#u
#.#.6...###..).#.####
#.##......###..#.....
#.##)####...#####...#
#.......))#...##.####
####.####.###..#.## #.#
#.# ##.##.# #.# #.#
#..#.## ### #.# ##.##.#


You could see Amaemon.

Vanquished Creatures
  A centaur warrior (D:8)
  A boulder beetle (D:8)
  An ugly thing (D:7)
  A gargoyle (D:8)
  An orange demon (D:8)
  A troll (D:8)
  A hornet (D:8)
  Sigmund (D:5)
  Eustachio (D:6)
  A wyvern (D:8)
  Edmund (D:5)
  3 ice beasts
  A sky beast (D:8)
  Duvessa (D:5)
  2 orc warriors
  2 black bears
  4 ogres
  6 centaurs
  2 phantoms (D:4)
  6 bullfrogs
  A kobold brigand (D:8)
  A scorpion (D:6)
  Dowan (D:5)
  A killer bee (D:8)
  2 howler monkeys (D:6)
  4 bombardier beetles
  A gnoll bouda (D:4)
  A jelly (D:8)
  3 hounds
  6 orc priests
  2 sleepcaps (D:7)
  4 iguanas
  7 orc wizards
  14 adders
  8 gnolls
  2 shadow imps
  3 white imps
  2 dart slugs
  A ribbon worm (D:3)
  42 orcs
  8 ball pythons
  5 bats
  4 endoplasms
  2 giant cockroaches
  3 goblins
  8 hobgoblins
  3 quokkas (D:1)
  A frilled lizard (D:1)
  17 kobolds
  6 rats
201 creatures vanquished.

Vanquished Creatures (collateral kills)
  An endoplasm (D:3)
  A rat (D:1)
2 creatures vanquished.

Vanquished Creatures (others)
  A kobold (D:8)
1 creature vanquished.

Grand Total: 204 creatures vanquished

Notes
Turn   | Place    | Note
-------+----------+-------------------------------------------
     0 | D:1      | PaiMei the Demonspawn Necromancer began the quest for the
                  | Orb.
     0 | D:1      | Reached XP level 1. HP: 13/13 MP: 3/3
   243 | D:1      | Gained mutation: You regenerate a little health from kills.
                  | [demonic ancestry]
   243 | D:1      | Reached XP level 2. HP: 19/19 MP: 3/5
   314 | D:1      | Found a faded altar of an unknown god.
   931 | D:1      | Found Weleqops's Book Shoppe.
  1270 | D:2      | Reached XP level 3. HP: 25/25 MP: 3/6
  1274 | D:2      | Learned a level 3 spell: Vampiric Draining
  1568 | D:2      | Reached skill level 1 in Fighting
  1902 | D:2      | Found an ornate altar of the Wu Jian Council.
  2052 | D:2      | Gained mutation: You are partially covered in slimy green
                  | scales. (AC +2) [demonic ancestry]
  2052 | D:2      | Reached XP level 4. HP: 32/32 MP: 5/7
  2914 | D:3      | Identified the +1 leather armour "Qumoph" {Stlth+}
  3046 | D:3      | Reached skill level 5 in Necromancy
  3377 | D:3      | Gained mutation: You are mostly covered in slimy green
                  | scales. (AC +3) [demonic ancestry]
  3377 | D:3      | Reached XP level 5. HP: 38/38 MP: 2/9
  4369 | D:4      | Noticed an ogre
  4377 | D:4      | Killed an ogre
  4378 | D:4      | Gained mutation: Spells you cast may paralyse adjacent
                  | enemies. [demonic ancestry]
  4378 | D:4      | Reached XP level 6. HP: 46/46 MP: 2/11
  5075 | D:4      | Reached skill level 6 in Necromancy
  5075 | D:4      | Reached XP level 7. HP: 52/52 MP: 4/12
  6269 | D:4      | Learned a level 4 spell: Animate Dead
  6270 | D:5      | Entered Level 5 of the Dungeon
  6614 | D:5      | Gained mutation: You have sharp fingernails. [demonic
                  | ancestry]
  6614 | D:5      | Reached XP level 8. HP: 60/60 MP: 13/14
  6870 | D:5      | Noticed Duvessa
  6871 | D:5      | Noticed Dowan
  7129 | D:5      | Noticed Edmund
  7137 | D:5      | Killed Edmund
  7307 | D:5      | Reached skill level 7 in Necromancy
  7471 | D:4      | Reached skill level 5 in Dodging
  7671 | D:5      | Reached skill level 5 in Spellcasting
  7919 | D:5      | Killed Dowan
  7954 | D:5      | Noticed Sigmund
  7960 | D:5      | Killed Sigmund
  7961 | D:5      | Reached skill level 5 in Fighting
  7973 | D:5      | Noticed PaiMei's ghost (novice DsNe)
  8103 | D:5      | Found a transporter.
  8108 | D:5      | Found a transporter.
  8135 | D:5      | Killed Duvessa
  8598 | D:6      | Noticed Eustachio
  8626 | D:6      | Gained mutation: You have very sharp fingernails. [demonic
                  | ancestry]
  8626 | D:6      | Reached XP level 9. HP: 68/68 MP: 3/17
  8646 | D:6      | Killed Eustachio
  8756 | D:6      | Reached skill level 8 in Necromancy
  9115 | D:6      | Found a staircase to the Ecumenical Temple.
  9129 | Temple   | Entered the Ecumenical Temple
  9231 | D:6      | Identified the +10 war axe of the Grave {heavy, Str+2
                  | Dex+7}
  9264 | D:6      | Found a snail-covered altar of Cheibriados.
  9698 | D:7      | Found Raxixuv's General Store.
  9717 | D:7      | Bought a potion of magic for 104 gold pieces
  9717 | D:7      | Bought a scroll of identify for 26 gold pieces
  9733 | D:7      | Found a shadowy altar of Dithmenos.
 11071 | D:8      | Found a runed translucent door.
 11092 | D:8      | Reached skill level 9 in Necromancy
 11390 | D:8      | Reached XP level 10. HP: 62/77 MP: 19/20
 11580 | D:8      | Noticed a centaur warrior
 11580 | D:8      | Noticed a boulder beetle
 11580 | D:8      | Noticed a red ugly thing
 11580 | D:8      | Noticed a gargoyle
 11614 | D:7      | Killed a red ugly thing
 11688 | D:7      | Learned a level 5 spell: Curse of Agony
 11696 | D:8      | Killed a centaur warrior
 11977 | D:8      | Killed a gargoyle
 12633 | D:8      | HP: 3/77 [boulder beetle (7)]
 12637 | D:8      | Killed a boulder beetle
 12817 | D:8      | Identified the +4 mace "Coofoog" {flame, *Rage rPois rCorr
                  | Str+2}
 12876 | D:8      | Noticed an orange demon
 13379 | D:8      | Killed an orange demon
 13380 | D:8      | Reached skill level 10 in Necromancy
 13661 | D:8      | Noticed Amaemon
 13667 | D:8      | Slain by Amaemon

Illustrated notes

Levels and vault maps discovered:
D:1:      saegor_arrival_simple_e, layout_loops_cross,
          shapermc_ecumenical_altar_totnotflames, serial_shops, shop,
          minmay_octomino_e4
D:2:      layout_basic, serial_bayou, serial_bayou_shore_a, serial_bayou_pond_a,
          serial_bayou_lagoon_a, serial_bayou_shore_b, serial_bayou_lagoon_b,
          basic_altar
D:3:      layout_loops_corners
D:4:      layout_loops_ring
D:5:      layout_loops_ring, gammafunk_ghost_hive, uniq_edmund, uniq_sigmund,
          uniq_duvessa
D:6:      layout_basic, mainiacjoe_overflow_six_doors_small,
          minmay_temple_entry_junction_2, minivault_24, uniq_eustachio
D:7:      layout_basic, grunt_dithmenos_smoke_and_mirrors, serial_shops, shop,
          serial_corexii_hall, corexii_hall_statues_l, corexii_hall_statues_x,
          corexii_hall_statues_t, chequers_hall_statues_wall_a, st_stairs_9
D:8:      minmay_the_grid_four_pointed_star
          [minmay_the_grid_triangle_9x9_corrupted_corridor,
          minmay_the_grid_triangle_9x9_subtriangle,
          minmay_the_grid_triangle_9x9_thin_v,
          minmay_the_grid_triangle_9x9_pentomino_pain,
          minmay_the_grid_prize_shrinking_boxes], layout_loops_ring,
          lemuel_tele_altar, mainiacjoe_overflow_large_starburst,
          nicolae_overflow_hidden_temple, minmay_misc_feat_encased, uniq_amaemon
Temple:   zaba_magenta_temple

Skill      XL: |  1  2  3  4  5  6  7  8  9 10 |
---------------+-------------------------------+-----
Stealth        | 2 |  2.0
Dodging        | 2 3 4 5 6 7 |  7.8
Fighting       | 1 2 3 4 5 6 8 |  8.0
Necromancy     | 5 6 7 9 10 | 10.1
Spellcasting   | 3 4 5 6 7 |  7.8

Action                     |  1- 3 |  4- 6 |  7- 9 | 10-12 || total
---------------------------+-------+-------+-------+-------++-------
  Melee: Unarmed           |     2 |       |       |       ||     2
         Whip              |     1 |       |    31 |       ||    32
         Mace              |       |    30 |    34 |       ||    64
         Punch             |       |       |     4 |       ||     4
         Flail             |       |       |   133 |    36 ||   169
         War axe           |       |       |       |    33 ||    33
   Cast: Necrotise         |    72 |    99 |    79 |     7 ||   257
         Vampiric Draining |       |     5 |   110 |    13 ||   128
         Curse of Agony    |       |       |       |     3 ||     3
         Animate Dead      |       |       |       |     1 ||     1
    Use: Potion            |       |       |       |     2 ||     2
   Stab: Paralysed         |       |     3 |    32 |     6 ||    41
         Sleeping          |       |       |     2 |       ||     2
         Distracted        |       |       |       |     1 ||     1
 Armour: Robe              |    17 |     6 |       |       ||    23
         Leather armour    |       |    52 |   300 |    86 ||   438
         Troll leather arm |       |       |       |    13 ||    13
  Dodge: Dodged            |     9 |    38 |   299 |   106 ||   452
         Repelled          |       |       |       |     4 ||     4
